 Dungeon Crawl Stone Soup version 0.30-a0-777-ga9a30cbeda (webtiles) character file.

Game seed: 16428358088886948169

1113 bande the Chopper (level 8, -9/49 HPs)
             Began as a Gargoyle Fighter on Feb 14, 2023.
             Mangled by an iguana (10 damage)
             ... on level 6 of the Dungeon.
             The game lasted 00:07:25 (4496 turns).

bande the Chopper (Gargoyle Fighter)                Turns: 4496, Time: 00:07:26

Health: -9/49      AC: 18    Str: 21    XL:     8   Next: 33%
Magic:  8/8        EV:  6    Int:  8    God:
Gold:   269        SH:  5    Dex: 11    Spells: 7/7 levels left

rFire   . . .      SeeInvis .    a - +0 war axe
rCold   . . .      Faith    .    c - +0 buckler
rNeg    + . .      Spirit   .    k - +0 plate armour
rPois   ∞          Reflect  .    (no helmet)
rElec   +          Harm     .    (no cloak)
rCorr   .          Rampage  .    (no gloves)
Will    .....                    (no boots) Stlth
                                 (no amulet)
HPRegen 0.28/turn                t - +4 ring of protection
MPRegen 0.11/turn                (no ring)

@: brilliant, corroded, studying Staves
A: sickness immunity, AC +5, negative energy resistance 1, electricity
resistance, torment resistance 1, petrification resistance
a: no special abilities


You were on level 6 of the Dungeon.
You visited 2 branches of the dungeon, and saw 7 of its levels.

You collected 269 gold pieces.

Inventory:

Hand Weapons
 a - a +0 war axe (weapon)
 v - a +0 flail
 y - a +0 war axe
Missiles
 u - 2 throwing nets (quivered)
Armour
 c - a +0 buckler (worn)
 k - a +0 plate armour (worn)
 m - the +0 ring mail "Pozootog" {Rampage Fly rElec Str-4}
   (You found it on level 2 of the Dungeon)

   Str:       It affects your strength (-4).
   rElec:     It insulates you from electricity.
   Fly:       It grants you flight.
   Rampage:   It bestows one free step when moving towards enemies.
Jewellery
 h - a ring of ice
 t - a +4 ring of protection (left hand)
Wands
 A - a wand of flame (11)
 D - a wand of polymorph (11)
Scrolls
 e - 4 scrolls of amnesia {unknown}
 f - 2 scrolls of teleportation {unknown}
 g - 2 scrolls of fear {unknown}
 i - 2 scrolls of vulnerability {unknown}
 j - 3 scrolls of identify {unknown}
 l - a scroll of immolation {unknown}
 o - a scroll of fog {unknown}
 p - a scroll of enchant weapon {unknown}
 q - a scroll of noise {unknown}
 s - a scroll of torment {unknown}
 z - 2 scrolls of enchant armour {unknown}
Potions
 b - a potion of brilliance
 d - a potion of might
 n - a potion of mutation {unknown}
 r - a potion of flight {unknown}
 w - a potion of haste {unknown}
 x - 2 potions of ambrosia {unknown}
 B - a potion of attraction {unknown}
 C - 2 potions of degeneration {unknown}
 E - a potion of lignification {unknown}
 F - a potion of curing {unknown}


   Skills:
 + Level 5.0 Fighting
 + Level 6.1 Axes
 + Level 5.4 Armour
 + Level 4.5 Shields
 + Level 1.2 Unarmed Combat
 * Level 2.8 Evocations


You had 7 spell levels left.
You didn't know any spells.
Your spell library contained the following spells:

 Spells                   Type           Power      Damage    Failure   Level
 Magic Dart               Conj           0%         1d3       100%        1
 Sting                    Tmut/Pois      0%         1d3       100%        1
 Poisonous Vapours        Pois/Air       0%         N/A       100%        2
 Searing Ray              Conj           0%         2d4       100%        2
 Ignite Poison            Fire/Tmut/Pois 0%         N/A       100%        3
 Kindle Blastsparks       Fire/Tloc/Air  0%         2d10      100%        3
 Dispel Undead            Necr           0%         3d6       100%        4
 Fulminant Prism          Conj/Hex       0%         3d5       100%        4
 Olgreb's Toxic Radiance  Pois           0%         N/A       100%        4
 Freezing Cloud           Conj/Ice/Air   0%         6-21      100%        5
 Death Channel            Necr           0%         N/A       100%        6
 Cigotuvi's Dreadful Rot  Necr/Pois/Air  Unusable   N/A       N/A         2

Dungeon Overview and Level Annotations

Branches:
Dungeon (6/15)             Temple (1/1) D:5

Altars:
Ashenzari
Cheibriados
Dithmenos
Fedhas
Hepliaklqana
Kikubaaqudgha
Makhleb
Qazlal
Ru
Sif Muna
Trog
Uskayaw
Vehumet
Xom
Yredelemnul
Zin
The Shining One

Shops:
D:4 *


Innate Abilities, Weirdness & Mutations

You are immune to sickness and miasma.
Your stone body is resilient. (AC +5)
You are immune to poison.
You resist negative energy. (rN+)
You are resistant to electric shocks. (rElec)
You are resistant to unholy torment.
You are immune to petrification.


Message History

You are too injured to fight recklessly!
You are too injured to fight recklessly!
You are too injured to fight recklessly!
You are too injured to fight recklessly!
You are too injured to fight recklessly!
You are too injured to fight recklessly!
You are too injured to fight recklessly!
Unknown command.
You hit the jelly.
Your hands burn!
The jelly is heavily wounded.
You closely miss the iguana.
The iguana hisses menacingly.
You block the iguana's attack. The jelly hits you but does no damage.
You hit the jelly but do no damage.
Your hands burn!
* * * LOW HITPOINT WARNING * * *
The jelly is heavily wounded.
You hit the iguana.
The iguana bites you but does no damage.
You block the jelly's attack.
Unknown command.
You slash the jelly!
Your hands burn!
* * * LOW HITPOINT WARNING * * *
The jelly is almost dead.
You closely miss the iguana.
The iguana bites you but does no damage.
The jelly barely misses you. x2; The iguana closely misses you.
Unknown command.
You slash the jelly!
You kill the jelly!
You hit the iguana. The iguana bites you!
* * * LOW HITPOINT WARNING * * *
Your Fighting skill increases to level 5!
The iguana barely misses you.
Things that are here:
a +0 hand axe; a +0 scale mail; an orc corpse Unknown command.
It was a potion of brilliance.
You feel clever all of a sudden. The iguana bites you!
You die...

.#.# .#.# .#.# #
...#.# .... ..#
###..## #.#
##.l...#### #.#
##..@....... #.#
#...†....... #.#
#.#........# #.#
#.#$....#..#
#.###.#.....# .#
##.....#.....# #
#####...####.....#
##......## #.....#
##..####.# .....#


You could see an iguana.

Vanquished Creatures
  Edmund (D:5)
  A water moccasin (D:6)
  2 centaurs (D:5)
  2 scorpions
  A necrophage (D:5)
  A jelly (D:6)
  A howler monkey (D:5)
  3 hounds
  3 orc priests
  3 iguanas
  4 gnolls (D:3)
  5 adders
  A shadow imp (D:5)
  A white imp (D:6)
  4 worms (D:2)
  6 dart slugs
  17 orcs
  10 endoplasms
  4 giant cockroaches
  7 goblins
  5 hobgoblins
  10 kobolds
  3 quokkas
  6 ball pythons
  A bat (D:2)
  A frilled lizard (D:3)
  6 rats
109 creatures vanquished.

Notes
Turn   | Place    | Note
-------+----------+-------------------------------------------
     0 | D:1      | bande the Gargoyle Fighter began the quest for the Orb.
     0 | D:1      | Reached XP level 1. HP: 14/14 MP: 1/1
   427 | D:1      | Reached XP level 2. HP: 19/19 MP: 2/2
   635 | D:1      | Reached skill level 2 in Axes
   777 | D:2      | Found a faded altar of an unknown god.
  1021 | D:2      | Reached XP level 3. HP: 22/24 MP: 3/3
  1071 | D:2      | Identified the +0 ring mail "Pozootog" {Rampage Fly rElec
                  | Str-4}
  1394 | D:2      | Reached XP level 4. HP: 29/29 MP: 4/4
  1755 | D:3      | Reached skill level 3 in Axes
  1817 | D:3      | Reached XP level 5. HP: 17/33 MP: 5/5
  2448 | D:4      | Found Maku's Merry Market.
  2730 | D:4      | Found a shimmering altar of Xom.
  2930 | D:4      | Reached skill level 4 in Axes
  2930 | D:4      | Reached XP level 6. HP: 39/39 MP: 6/6
  2938 | D:5      | Entered Level 5 of the Dungeon
  2941 | D:5      | Found a staircase to the Ecumenical Temple.
  2941 | D:5      | Noticed Edmund
  2949 | D:5      | Killed Edmund
  2953 | D:5      | Reached skill level 1 in Evocations
  2976 | Temple   | Entered the Ecumenical Temple
  2985 | Temple   | Reached XP level 7. HP: 17/44 MP: 7/7
  3273 | D:5      | Found the +6 shillelagh "Devastator" {shatter}
  3283 | D:5      | Reached skill level 5 in Axes
  3504 | D:5      | Reached skill level 1 in Unarmed Combat
  3507 | D:5      | Reached skill level 5 in Armour
  3807 | D:5      | Reached XP level 8. HP: 39/48 MP: 8/8
  4055 | D:6      | HP: 1/48 [orc priest/divine providence (11)]
  4061 | D:6      | Reached skill level 6 in Axes
  4494 | D:6      | HP: 1/48 [iguana (7)]
  4495 | D:6      | Reached skill level 5 in Fighting
  4496 | D:6      | Mangled by an iguana

Illustrated notes

Levels and vault maps discovered:
D:1:      erik_arrival_triangle_small, layout_basic, kennysheep_small_spiral
D:2:      layout_basic, nicolae_ecumenical_oubliette
D:3:      layout_rooms
D:4:      layout_rooms, xom_butterflies, nicolae_alphabet_shops
D:5:      layout_loops_ring, minmay_temple_entry_waves, minmay_manual_mares,
          uniq_edmund
D:6:      layout_basic, minivault_25, nrook_mini_vaults
Temple:   nicolae_temple_superstar

Skill      XL: |  1  2  3  4  5  6  7  8 |
---------------+-------------------------+-----
Axes           | 2 3 4 5 6 |  6.1
Fighting       | 4 5 |  5.0
Armour         | 4 5 |  5.4
Evocations     | 1 2 |  2.8
Shields        | 4 |  4.5
Unarmed Combat | 1 |  1.2

Action                     |  1- 3 |  4- 6 |  7- 9 || total
---------------------------+-------+-------+-------++-------
  Melee: War axe           |    94 |   141 |   106 ||   341
         Unarmed           |       |    17 |       ||    17
    Use: Potion            |       |       |     1 ||     1
 Armour: Scale mail        |    26 |       |       ||    26
         Plate armour      |    37 |   126 |   131 ||   294
         Skin              |       |     2 |       ||     2
  Dodge: Dodged            |    27 |    47 |    48 ||   122
  Block: Buckler           |    22 |    47 |    37 ||   106

Table legend: (Time is in decaauts)
 A = Elapsed time spent in this place.
 B = Non-inter-level travel time spent in this place.
 C = Inter-level travel time spent in this place.
 D = Time resting spent in this place.
 E = Time spent auto-exploring this place.
 F = Levels seen in this place.
 G = Mean time per level.
                   A        B        C        D        E       F      G
               +--------+--------+--------+--------+--------+-----+--------+
         Total |   4614 |   4472 |    142 |    684 |   2821 |   7 |  659.1 |
       Dungeon |   4391 |   4249 |    142 |    684 |   2649 |   6 |  731.8 |
        Temple |    223 |    223 |      0 |      0 |    172 |   1 |  223.0 |
               +--------+--------+--------+--------+--------+-----+--------+

Top non-repeatable levels by time:
     D:1: 861 daAuts
     D:5: 860 daAuts
     D:2: 727 daAuts
     D:4: 719 daAuts
     D:3: 719 daAuts
     D:6: 504 daAuts
  Temple: 223 daAuts
